 Dungeon Crawl Stone Soup version 0.21-a0-72-gbbb65ab (webtiles) character file.

324 grindst0ne the Shield-Bearer (level 6, -1/51 HPs)
             Began as a Formicid Fighter on June 20, 2017.
             Was a Follower of Makhleb.
             Killed from afar by Ijyb (6 damage)
             ... with a wand of flame (?/48)
             ... on level 4 of the Dungeon.
             The game lasted 00:04:12 (2991 turns).

grindst0ne the Shield-Bearer (Formicid Fighter)     Turns: 2991, Time: 00:04:13

Health: -1/51      AC:  8    Str: 25    XL:     6   Next: 78%
Magic:  6/6        EV:  7    Int:  8    God:    Makhleb [*.....]
Gold:   138        SH: 18    Dex: 12    Spells: 5/5 levels left

rFire    . . .     SeeInvis +   a - +0 war axe
rCold    . . .     Gourm    .   w - +2 large shield
rNeg     . . .     Faith    .   b - +0 scale mail
rPois    .         Spirit   .   (helmet unavailable)
rElec    .         Reflect  .   (no cloak)
rCorr    .         Harm     .   (no gloves)
MR       .....                  o - +0 pair of boots
Stlth    ..........             (no amulet)
HPRegen  0.17/turn              (no ring)
MPRegen  0.10/turn              (no ring)

@: mighty
A: permanent stasis, dig shafts and tunnels, four strong arms, antennae 3
a: Dig, Shaft Self, Renounce Religion


You were on level 4 of the Dungeon.
You worshipped Makhleb.
Makhleb was aware of your devotion.
You were hungry.

You visited 1 branch of the dungeon, and saw 4 of its levels.

You collected 138 gold pieces.

Inventory:

Hand Weapons
 a - a +0 war axe (weapon)
Armour
 b - a +0 scale mail (worn)
 c - a +0 shield
 o - a +0 pair of boots (worn)
 w - a +2 large shield (worn)
Jewellery
 i - a +5 ring of evasion {unknown}
Scrolls
 e - a scroll of enchant weapon {unknown}
 g - a scroll of immolation {unknown}
 h - 6 scrolls of identify {unknown}
 j - 3 scrolls of teleportation {unknown}
 k - 2 scrolls of remove curse {unknown}
 l - 2 scrolls of magic mapping {unknown}
 n - a scroll of fog {unknown}
 s - a scroll of recharging {unknown}
Potions
 m - a potion of berserk rage {unknown}
 q - 2 potions of brilliance {unknown}
 u - 2 potions of heal wounds {unknown}
 v - a potion of flight {unknown}
 x - a potion of haste {unknown}
Comestibles
 f - 4 bread rations
 p - 2 meat rations
 r - 2 fruits
 t - 3 chunks of flesh


   Skills:
 - Level 5.0 Fighting
 - Level 2.0 Axes
 + Level 5.0 Armour
 + Level 6.1 Shields


You had 5 spell levels left.
You didn't know any spells.

Dungeon Overview and Level Annotations

Branches:
Dungeon (4/15)
 Temple: D:4-7

Altars:
Makhleb

Annotations:
D:4 Ijyb


Innate Abilities, Weirdness & Mutations

You cannot be hasted, slowed, berserked, paralysed or teleported.
You can dig through walls and to a lower floor.
Your four strong arms can wield two-handed weapons with a shield.
You have a pair of large antennae on your head. (SInv)


Message History

Ijyb zaps a wand.
The puff of flame hits you!
* * * LOW HITPOINT WARNING * * *
You block the goblin's attack.
You feel very mighty all of a sudden. Ijyb hits you but does no damage.
You block the goblin's attack.
You closely miss Ijyb.
Ijyb is heavily wounded.
You closely miss the goblin. You block Ijyb's attack.
The goblin hits you but does no damage. You block Ijyb's attack.
You block the goblin's attack.
You slash Ijyb!
Ijyb is almost dead.
You closely miss the goblin.
Ijyb zaps a wand.
The puff of flame hits you!
* * * LOW HITPOINT WARNING * * *
The goblin hits you but does no damage.
You barely miss Ijyb.
Ijyb is almost dead.
Your shield prevents you from hitting the goblin.
Ijyb zaps a wand.
The puff of flame hits you!
You die...

###.###### #.# #.#
############## ###.#
≈≈≈≈≈≈≈≈≈≈≈≈≈#
...(#≈≈≈≈≈≈≈≈≈≈≈≈≈≈#
####≈≈≈.........####
#≈≈..........#($#
#≈≈..#####...#!%#
##≈≈..#...##.#@g!#
###≈≈≈..'...)((##g##
..#≈≈≈..#...#.)#{g.#
#(≈≈#####.###..# ..#
#(≈≈#..........# ..#
#.(.'......((..# ..#
#...'.....†....# ..#
#...'.....(....# ..#
##≈≈#..........#


You could see Ijyb and 2 goblins.

Vanquished Creatures
  2 hounds
  An orc wizard (D:3)
  An iguana (D:4)
  3 worker ants (D:4)
  4 adders
  4 worms (D:2)
  2 dart slugs (D:1)
  3 leopard geckos (D:1)
  6 orcs
  9 bats
  A giant cockroach (D:2)
  12 goblins
  9 hobgoblins
  4 jackals
  2 quokkas
  5 frilled lizards
  5 kobolds
  8 rats
81 creatures vanquished.

Notes
Turn   | Place    | Note
-------+----------+-------------------------------------------
     0 | D:1      | grindst0ne the Formicid Fighter began the quest for the Orb.
     0 | D:1      | Reached XP level 1. HP: 18/18 MP: 1/1
    81 | D:1      | Reached XP level 2. HP: 24/24 MP: 2/2
   282 | D:1      | Reached skill level 4 in Shields
   597 | D:1      | Reached XP level 3. HP: 28/30 MP: 3/3
   845 | D:2      | Reached XP level 4. HP: 33/37 MP: 4/4
   995 | D:2      | Found a burning altar of Makhleb.
  1011 | D:2      | Became a worshipper of Makhleb the Destroyer
  1428 | D:2      | Reached XP level 5. HP: 41/43 MP: 5/5
  1587 | D:3      | Reached skill level 5 in Shields
  2453 | D:4      | Reached skill level 5 in Fighting
  2491 | D:4      | Reached * piety under Makhleb
  2750 | D:4      | Reached XP level 6. HP: 47/51 MP: 6/6
  2864 | D:4      | Reached skill level 5 in Armour
  2864 | D:4      | Reached skill level 6 in Shields
  2970 | D:4      | Noticed Ijyb
  2991 | D:4      | Killed from afar by Ijyb

Vault maps used:
D:1:      erik_arrival_triangle_medium, minmay_pentomino_w2
D:2:      makhleb_blood_cavern_becter, serial_bayou_pond_c,
          kennysheep_generic_room_11
D:3:      first_bread
D:4:      kennysheep_goblin_castle, nicolae_ru_path_of_blood, uniq_grinder,
          uniq_crazy_yiuf_cottage

Skill      XL: |  1  2  3  4  5  6 |
---------------+-------------------+-----
Shields        | 4 5 6 |  6.1
Fighting       | 4 5 |  5.0
Armour         | 4 5 |  5.0
Axes           | |  2.0

Action                   |  1- 3 |  4- 6 || total
-------------------------+-------+-------++-------
Melee: War axe           |    68 |   213 ||   281
 Abil: Dig               |       |     5 ||     5
  Use: Potion            |       |     1 ||     1
  Eat: Chunk             |       |     7 ||     7
Armor: Scale mail        |    38 |   100 ||   138
Dodge: Dodged            |    20 |    66 ||    86
Block: Shield            |    26 |    74 ||   100
       Large shield      |       |    87 ||    87
